Construct Section Command Post
Construct Platoon Command Post
Selects Air and Sea Battlegroup
Construct Field Infirmary
Unlock M3 Stuart Light Tanks
Selects Commando Section Paradrop
Selects Commando Support Section Paradrop
Selects Incendiary Bombing Run
Construct Company Command Post
Commando Section Paradrop
Commando Support Section Paradrop
Selects Naval Bombardment
Unlock M3 Grant Medium Tanks
Construct Field Infirmary
Unlock Towed 17-pounder Anti-tank Guns
Commando Support Section Paradrop
17-pounder Anti-tank Gun Team
17-pounder Anti-tank Gun Team